 Dungeon Crawl Stone Soup version 0.31-a0-831-g143b1e81fc (webtiles) character file.

Game seed: 15562894064616427861

30 Dirtsage the Chopper (level 3, 0/29 HPs)
             Began as a Demonspawn Fighter on Sept 24, 2023.
             Slain by Grinder (6 damage)
             ... on level 3 of the Dungeon.
             The game lasted 00:01:01 (923 turns).

Dirtsage the Chopper (Demonspawn Fighter)            Turns: 923, Time: 00:01:02

Health: 0/29       AC:  7    Str: 18    XL:     3   Next: 3%
Magic:  3/3        EV:  9    Int:  9    God:
Gold:   152        SH:  4    Dex: 12    Spells: 2/2 levels left

rFire   . . .        a - +0 war axe
rCold   . . .        c - +0 buckler
rNeg    . . .        b - +0 scale mail
rPois   .            (helmet restricted)
rElec   .            (no cloak)
rCorr   .            j - +0 pair of gloves
SInv    .            (no boots)
Will    .....        (no amulet) Stlth
                     (no ring)
HPRegen 0.24/turn    (no ring)
MPRegen 0.08/turn

%: no passive effects
@: no status effects
A: horns 1
a: no special abilities


You were on level 3 of the Dungeon.
You visited 1 branch of the dungeon, and saw 3 of its levels.

You collected 152 gold pieces.

Inventory:

Hand Weapons
 a - a +0 war axe (weapon)
Armour
 b - a +0 scale mail (worn)
 c - a +0 buckler (worn)
 j - a +0 pair of gloves (worn)
Scrolls
 f - 4 scrolls of identify {unknown}
 g - a scroll of enchant armour {unknown}
 i - 2 scrolls of fear {unknown}
 k - a scroll of amnesia {unknown}
Potions
 d - a potion of might
 e - a potion of brilliance {unknown}
 h - 3 potions of heal wounds {unknown}
 l - 2 potions of mutation {unknown}


   Skills:
 - Level 3.0 Fighting
 + Level 3.2 Axes
 - Level 2.6 Armour
 - Level 2.6 Shields


You had 2 spell levels left.
You didn't know any spells.
Your spell library contained the following spells:

 Spells                   Type           Power      Damage    Failure   Level
 Freeze                   Ice            0%         1d3       86%         1
 Magic Dart               Conj           0%         1d3       86%         1
 Call Imp                 Summ           0%         N/A       94%         2
 Frozen Ramparts          Ice            0%         1d1       99%         3
 Hailstorm                Conj/Ice       0%         3d3       99%         3
 Mephitic Cloud           Conj/Pois/Air  0%         N/A       99%         3


Dungeon Overview and Level Annotations

Branches:
Dungeon (3/15)

Altars:

Annotations:
D:3 2 transporters, Grinder; Leeroy's ghost, amateur MfGl


Innate Abilities, Weirdness & Mutations

You have a pair of small horns on your head.


Message History

Health restored: 29 You now have 140 gold pieces (gained 16).
You now have 152 gold pieces (gained 12).
As you open the door, it creaks loudly!
Found an escape hatch in the floor.
There is an open door here.
You open the door.
There is an open door here.
The adder hisses angrily.
There is an escape hatch in the floor here.
The ball python hisses angrily.
h - 3 green potions (gained 1) Grinder comes into view.
Grinder shouts!
Grinder blinks!
A hound comes into view.
The hound barks!
Grinder hits you but does no damage.
You barely miss Grinder.
Grinder says, "I used to sell toenails on the black market."
Grinder hits you but does no damage. Grinder gestures at you.
You suddenly lose the ability to move!
Grinder hits you! Grinder hits you but does no damage.
You can move again.
You take 8 damage, and have 21/29 hp.
MASSIVE DAMAGE!!
Unknown command.
Unknown command.
You barely miss Grinder. Your headbutt misses Grinder.
Grinder barely misses you.
You barely miss Grinder. Grinder gestures at you.
Pain shoots through your body!
You take 8 damage, and have 14/29 hp.
MASSIVE DAMAGE!!
You closely miss Grinder. Grinder hits you. x2
* * * LOW HITPOINT WARNING * * *
You writhe in agony.
You die...
Grinder says, "Now the real fun starts!"

#W......##..# ##+#######
8S......8#..# #.........
.........#..###.........
$..[....S#..............
$...©...S#©..##.........
$........#..####.######.
.........#..# #.#
8.).....8#..# #.#
#.......##..# #@#
#########...# #5#
............# #h#
...........## #..
...######### #.. ...#
#..# ...# #..# #### #...


You could see Grinder and a hound.

Vanquished Creatures
  An adder (D:2)
  3 bats (D:1)
  3 endoplasms
  2 giant cockroaches
  A goblin (D:3)
  2 hobgoblins
  A quokka (D:1)
  2 ball pythons
  3 frilled lizards
  2 rats
20 creatures vanquished.

Notes
Turn   | Place    | Note
-------+----------+-------------------------------------------
     0 | D:1      | Dirtsage the Demonspawn Fighter began the quest for the
                  | Orb.
     0 | D:1      | Reached XP level 1. HP: 18/18 MP: 1/1
   283 | D:1      | Gained mutation: You have a pair of small horns on your
                  | head. [demonic ancestry]
   283 | D:1      | Reached XP level 2. HP: 24/24 MP: 2/2
   732 | D:2      | You fall into a shaft and drop 1 floor!
   776 | D:3      | Noticed Leeroy's ghost (amateur MfGl)
   777 | D:3      | Found a transporter.
   779 | D:3      | Found a transporter.
   796 | D:3      | Reached XP level 3. HP: 29/29 MP: 3/3
   915 | D:3      | Noticed Grinder
   918 | D:3      | Paralysed by Grinder for 3 turns
   923 | D:3      | Slain by Grinder

Illustrated notes

Levels and vault maps discovered:
D:1:      dpeg_arrival_rooms_c, layout_loops_cross
D:2:      layout_loops_ring, basic_altar, minmay_misc_feat_tiny, uniq_terence
D:3:      layout_basic, gammafunk_ghost_arena,
          shapermc_ecumenical_altar_mp_vishouse, uniq_grinder

Skill      XL: |  1  2 |
---------------+-------+-----
Axes           | 2 3 |  3.2
Fighting       | |  3.0
Armour         | |  2.6
Shields        | |  2.6

Action                     || total
---------------------------++-------
  Melee: War axe           ||    60
         Headbutt          ||     4
 Armour: Scale mail        ||    47
  Dodge: Dodged            ||    29
  Block: Buckler           ||    17

Table legend: (Time is in decaauts)
 A = Elapsed time spent in this place.
 B = Non-inter-level travel time spent in this place.
 C = Inter-level travel time spent in this place.
 D = Time resting spent in this place.
 E = Time spent auto-exploring this place.
 F = Levels seen in this place.
 G = Mean time per level.
                   A        B        C        D        E       F      G
               +--------+--------+--------+--------+--------+-----+--------+
         Total |    946 |    938 |      8 |      0 |    782 |   3 |  315.3 |
       Dungeon |    946 |    938 |      8 |      0 |    782 |   3 |  315.3 |
               +--------+--------+--------+--------+--------+-----+--------+

Top non-repeatable levels by time:
     D:1: 606 daAuts
     D:3: 196 daAuts
     D:2: 143 daAuts
